 Dungeon Crawl Stone Soup version bcrawl-1.41.1 (webtiles) character file.

Game seed: 15029490649569758344

181178 TheWayOfAllFlesh the Grave Robber (level 6, 0/41 HPs)
             Began as a Demonspawn Necromancer on Apr 18, 2024.
             Slain by Ijyb
             ... wielding a +2 dagger of electrocution
              (13 damage)
             ... on level 4 of the Dungeon.
             The game lasted 00:11:06 (3840 turns).

TheWayOfAllFlesh the Grave Robber (DsNe)            Turns: 3840, Time: 00:11:07

Health: 0/41       AC:  5    Str: 11    XL:     6   Next: 85%
Magic:  0/14       EV: 12    Int: 16    God:
Gold:   164        SH:  0    Dex: 13    Spells: 10/14 levels left

rFire    . . .     GDR:     25% a - +0 dagger (pain)
rCold    . . .     SeeInvis .   (no shield)
rNeg     . . .     Gourm    .   b - +0 robe
rPois    .         Faith    .   o - +0 helmet
rElec    .         Spirit   +   (no cloak)
rCorr    .         Reflect  .   m - +0 pair of gloves
MR       .....                  d - +0 pair of boots (curse)
Stlth    ++........             (no amulet)
HPRegen  1.16/turn              (no ring)
MPRegen  0.28/turn              (no ring)

@: no status effects
A: claws 1, powered by death 2, magic shield, magic regeneration
a: no special abilities


You were on level 4 of the Dungeon.
You were not hungry.

You visited 1 branch of the dungeon, and saw 4 of its levels.

You collected 164 gold pieces.

Inventory:

Hand Weapons
 a - a +0 dagger of pain (weapon)
 i - a cursed +0 dagger
Armour
 b - a +0 robe (worn)
 d - a cursed +0 pair of boots (worn)
 m - a +0 pair of gloves (worn)
 o - a +0 helmet (worn)
Jewellery
 c - an uncursed amulet of the gourmand {unknown}
 q - a cursed -2 ring of strength {unknown}
 t - a +4 ring of evasion {unknown}
Scrolls
 f - 3 scrolls of blinking
 j - a scroll of amnesia {unknown}
 k - a scroll of fog {unknown}
 n - 3 scrolls of teleportation
 p - a scroll of revelation {unknown}
 u - a scroll of fear {unknown}
Potions
 g - 2 potions of berserk rage
 h - 2 potions of lignification
 l - a potion of cancellation
 r - 2 potions of magic
Miscellaneous
 s - a lightning rod (1/4)
Comestibles
 e - 8 rations {!d}
 v - a chunk of flesh


   Skills:
 - Level 2.0 Short Blades
 - Level 1.7 Dodging
 - Level 2.0 Stealth
 + Level 4.7 Spellcasting
 + Level 6.8 Necromancy


You had 10 spell levels left.
You knew the following spells:

 Your Spells              Type           Power        Failure   Level  Hunger
a - Necrotize             Necr           ####..       1%          1    None
b - Vampiric Draining     Necr           ####......   2%          3    ###....

Your spell library contained the following spells:

 Spells                   Type           Power        Failure   Level  Hunger
 Agony                    Necr           ####....     10%         4    #####..
 Animate Dead             Necr           N/A          10%         4    #####..
 Dispel Undead            Necr           ####....     26%         5    ######.


Dungeon Overview and Level Annotations

Branches:
Dungeon (4/12)
 Temple: D:4-7

Altars:

Annotations:
D:4 Ijyb


Innate Abilities, Weirdness & Mutations

You have sharp fingernails.
You regenerate health from kills.
When hurt, damage is shared between your health and your magic reserves.
You regenerate magic rapidly.


Message History

Ijyb hits you but does no damage.
You barely miss Ijyb.
Ijyb is moderately wounded.
Ijyb hits you but does no damage.
You are electrocuted!!
Casting: Necrotize (safe; 1% risk of failure)
Confirm with . or Enter, or press ? or * to list all spells.
Aiming: Vampiric Draining (safe; 2% risk of failure)
Press: ? - help, Shift-Dir - straight line, f/p - Ijyb
Aim: Ijyb, wielding a +2 dagger of electrocution, wearing a +2 chain mail of cold resistance, quivering 249 sling bullets and carrying a wand of polymorph (13) (moderately wounded) Ijyb is heavily wounded.
You feel life coursing into your body.
Ijyb hits you with a +2 dagger of electrocution.
You are electrocuted!!
* * * LOW HITPOINT WARNING * * *
Your dart slug zombie barely misses Ijyb.
Casting: Vampiric Draining (safe; 2% risk of failure)
Confirm with . or Enter, or press ? or * to list all spells.
You don't have enough magic to cast that spell.
Ijyb hits you but does no damage.
You are electrocuted!
You die...

#...# #.#
###########.#####.##
.......<)).........#
##########..#####.##
#..# ### #..# #####.
# ##.###......
#.#..g...#
#.#.Z@...#
#...<....#
###<....#....
#.....#.### ###..##
# #...# #..#..# #.#
.... #. ..#..


You could see Ijyb and a friendly dart slug zombie.

Vanquished Creatures
  An ice beast (D:3)
  4 orc priests
  A crimson imp (D:4)
  An iguana (D:4)
  A worker ant (D:3)
  3 adders (D:3)
  2 oozes
  4 worms
  4 dart slugs
  3 leopard geckos
  7 orcs
  2 giant cockroaches (D:2)
  4 goblins
  11 hobgoblins
  6 jackals
  9 kobolds
  A quokka (D:3)
  2 ball pythons
  5 bats
  6 frilled lizards
  8 rats
85 creatures vanquished.

Vanquished Creatures (collateral kills)
  An adder (D:2)
  A worm (D:2)
  A dart slug (D:1)
  A goblin (D:2)
4 creatures vanquished.

Grand Total: 89 creatures vanquished

Notes
Turn   | Place    | Note
-------+----------+-------------------------------------------
     0 | D:1      | TheWayOfAllFlesh the Demonspawn Necromancer began the quest
                  | for the Orb.
     0 | D:1      | Reached XP level 1. HP: 13/13 MP: 4/4
   222 | D:1      | Gained mutation: You have sharp fingernails. [demonic
                  | ancestry]
   222 | D:1      | Reached XP level 2. HP: 18/19 MP: 4/6
   606 | D:1      | Reached skill level 5 in Necromancy
   606 | D:1      | Gained mutation: You regenerate a little health from kills.
                  | [demonic ancestry]
   606 | D:1      | Reached XP level 3. HP: 12/24 MP: 1/8
  1319 | D:2      | Gained mutation: When hurt, damage is shared between your
                  | health and your magic reserves. [demonic ancestry]
  1319 | D:2      | Reached XP level 4. HP: 29/30 MP: 4/9
  2062 | D:3      | Reached skill level 1 in Short Blades
  2198 | D:3      | Noticed an ice beast
  2742 | D:2      | Learned a level 3 spell: Vampiric Draining
  2770 | D:3      | Gained mutation: You regenerate health from kills. [demonic
                  | ancestry]
  2770 | D:3      | Reached XP level 5. HP: 28/35 MP: 4/11
  3547 | D:3      | Killed an ice beast
  3548 | D:3      | Reached skill level 6 in Necromancy
  3548 | D:3      | Gained mutation: You regenerate magic rapidly. [demonic
                  | ancestry]
  3548 | D:3      | Reached XP level 6. HP: 41/41 MP: 11/13
  3724 | D:4      | Noticed Ijyb
  3840 | D:4      | Slain by Ijyb

Skill      XL: |  1  2  3  4  5 |
---------------+----------------+-----
Necromancy     | 5 6 |  6.8
Spellcasting   | 3 4 |  4.7
Short Blades   | 1 2 |  2.0
Dodging        | |  1.7
Stealth        | |  2.0

Action                   |  1- 3 |  4- 6 || total
-------------------------+-------+-------++-------
Melee: Dagger            |    34 |   134 ||   168
 Cast: Necrotize         |    67 |    27 ||    94
       Vampiric Draining |       |     7 ||     7
Evoke: Lightning rod     |       |     6 ||     6
  Use: Scroll            |       |     6 ||     6
 Stab: Distracted        |     1 |       ||     1
       Sleeping          |       |     2 ||     2
       Invisible         |       |     1 ||     1
  Eat: Chunk             |     4 |    13 ||    17
Armor: Robe              |    16 |    30 ||    46
Dodge: Dodged            |    30 |    61 ||    91
